 Dungeon Crawl Stone Soup version 0.30-a0-937-ga0a21ad780 (webtiles) character file.

Game seed: 21612496754563852

51 FexLirch the Slasher (level 4, 0/38 HPs)
             Began as a Meteoran Delver on Mar 24, 2023.
             Slain by Duvessa
             ... wielding a +2 short sword of speed
              (3 damage)
             ... on level 4 of the Dungeon.
             The game lasted 00:01:52 (214 turns).

FexLirch the Slasher (Meteoran Delver)               Turns: 214, Time: 00:01:52

Health: 0/38       AC:  3    Str: 14    XL:     4   Next: 27%
Magic:  5/5        EV: 12    Int: 11    God:
Gold:   0          SH:  0    Dex: 17    Spells: 3/3 levels left

rFire   . . .      SeeInvis .    a - +0 falchion
rCold   . . .      Faith    .    (no shield)
rNeg    . . .      Spirit   .    b - +0 leather armour
rPois   .          Reflect  .    (no helmet)
rElec   .          Rampage  .    (no cloak)
rCorr   .                        (no gloves)
Will    .....                    (no boots)
Stlth   +                        (no amulet)
HPRegen 0.26/turn                (no ring)
MPRegen 0.09/turn                (no ring)

@: glowing
A: sense surroundings 1, otherworldly, glowing, explore regen
a: no special abilities


You were on level 4 of the Dungeon.
You visited 1 branch of the dungeon, and saw 3 of its levels.

Inventory:

Hand Weapons
 a - a +0 falchion (weapon)
Missiles
 h - 3 stones (quivered)
Armour
 b - a +0 leather armour (worn)
Wands
 f - a wand of polymorph (4)
 g - a wand of digging (3)
Scrolls
 c - a scroll of fog
 d - a scroll of magic mapping
 e - a scroll of fear
 i - a scroll of blinking {unknown}
 j - a scroll of identify
 k - a scroll of amnesia


   Skills:
 - Level 3.2 Fighting
 + Level 4.9 Long Blades
 - Level 2.4 Dodging
 - Level 3.7 Stealth


You had 3 spell levels left.
You didn't know any spells.
Your spell library was empty.

Dungeon Overview and Level Annotations

Branches:
Dungeon (6/15) Zot: 1600
 Temple: D:4-7

Altars:

Shops:
D:4 ?

Annotations:
D:4 Dowan, Duvessa


Innate Abilities, Weirdness & Mutations

You passively map a small area around you.
You are easily found by Zot.
You glow in the dark.
You regain HP and MP as you explore.


Message History

You see here a scroll labelled FUOFUI HITTUWK.
j - 2 scrolls labelled FUOFUI HITTUWK (gained 1)
The kobold shouts!
You barely miss the kobold. The kobold hits you with a +0 whip.
You closely miss the kobold. The kobold hits you with a +0 whip.
You hit the kobold.
You kill the kobold!
You see here a +0 whip.
You open the door.
There is an open door here.
Duvessa, Sister of Dowan comes into view.
She is wielding a +2 short sword of speed and wearing a +3 leather armour of poison resistance.
Duvessa shouts!
You aren't carrying any potions.
Unknown command.
Okay, then.
As you read the scroll labelled FUOFUI HITTUWK, it crumbles to dust.
It is a scroll of identify.
k - a scroll of amnesia Dowan, Brother of Duvessa comes into view.
He is wielding a +0 dagger.
Dowan shouts!
You hit Duvessa but do no damage.
Duvessa hits you with a +2 short sword of speed.
You barely miss Duvessa.
Duvessa says, "When magic and the sword combine, nothing stands against them."
Duvessa hits you with a +2 short sword of speed.
Duvessa misses you.
You hit Duvessa.
Duvessa is lightly wounded.
Duvessa hits you with a +2 short sword of speed!
You barely miss Duvessa.
Duvessa is lightly wounded.
Duvessa hits you with a +2 short sword of speed.
Duvessa hits you with a +2 short sword of speed!
* * * LOW HITPOINT WARNING * * *
Dowan gestures wildly while chanting.
Dowan blinks!
Duvessa hits you with a +2 short sword of speed.
* * * LOW HITPOINT WARNING * * *
Duvessa hits you with a +2 short sword of speed.
You die...

..............####'# , *,
..).....#.....'..#.# * ,
........#.....##.#.# * , ,
#########.....##.#.#
#.....######.#.# * #.....#
#.#.#####. * * #...).#
####.#....... * * #.....#
#....e§....e. ., #.....#
#.##@######## * *.#
#.....###.##.#############.#
#......>.......))...........
#........#......##.........#
#........#......##......#...#
####.....#.......+......+ #..
#.....#.......#......####.
#.....#.......#...........
#.....#.......#...........


You could see Duvessa and Dowan.

Vanquished Creatures
  An iguana (D:4)
  Ijyb (D:4)
  An orc (D:4)
  2 kobolds (D:4)
5 creatures vanquished.

Notes
Turn   | Place    | Note
-------+----------+-------------------------------------------
     0 | D:5      | FexLirch the Meteoran Delver began the quest for the Orb.
     0 | D:5      | Reached XP level 1. HP: 19/19 MP: 2/2
    29 | D:5      | Noticed an orc priest
    29 | D:5      | Noticed a hound
    44 | D:5      | Noticed an ice beast
    48 | D:5      | Noticed an iguana
    50 | D:4      | Found Nucayqu's Magic Scroll Emporium.
    91 | D:4      | Noticed Ijyb
    91 | D:4      | Noticed an iguana
   110 | D:4      | Killed an iguana
   111 | D:4      | Reached skill level 4 in Long Blades
   111 | D:4      | Reached XP level 2. HP: 24/26 MP: 3/3
   111 | D:4      | Reached XP level 3. HP: 28/31 MP: 4/4
   124 | D:4      | Killed Ijyb
   125 | D:4      | Reached XP level 4. HP: 15/38 MP: 5/5
   205 | D:4      | Noticed Duvessa
   206 | D:4      | Noticed Dowan
   214 | D:4      | Slain by Duvessa

Illustrated notes

Levels and vault maps discovered:
D:4:      layout_basic, lightli_temple_of_fire, serial_shops, shop,
          uniq_grinder, uniq_ijyb, uniq_duvessa
D:5:      wad_lake_hut, layout_rooms, nicolae_uskayaw_dance_hall,
          chequers_temple_overflow_minitemple, mainiacjoe_overflow_big_doors,
          uniq_blork_the_orc
D:6:      layout_rooms, nemelex_spade_bored_becter,
          nicolae_hepliaklqana_monster_ancestors, minmay_temple_entry_slanted,
          hangedman_abyss_or_decor_slice

Skill      XL: |  1 |
---------------+----+-----
Long Blades    | 4 |  4.9
Fighting       | |  3.2
Dodging        | |  2.4
Stealth        | |  3.7

Action                     |  1- 3 |  4- 6 || total
---------------------------+-------+-------++-------
  Melee: Falchion          |    17 |     7 ||    24
         Unarmed           |     8 |     9 ||    17
    Use: Potion            |     1 |       ||     1
         Scroll            |       |     1 ||     1
 Armour: Skin              |     9 |     2 ||    11
  Dodge: Dodged            |       |     4 ||     4

Table legend: (Time is in decaauts)
 A = Elapsed time spent in this place.
 B = Non-inter-level travel time spent in this place.
 C = Inter-level travel time spent in this place.
 D = Time resting spent in this place.
 E = Time spent auto-exploring this place.
 F = Levels seen in this place.
 G = Mean time per level.
                   A        B        C        D        E       F      G
               +--------+--------+--------+--------+--------+-----+--------+
         Total |    198 |    198 |      0 |      0 |      0 |   3 |   66.0 |
       Dungeon |    198 |    198 |      0 |      0 |      0 |   3 |   66.0 |
               +--------+--------+--------+--------+--------+-----+--------+

Top non-repeatable levels by time:
     D:4: 137 daAuts
     D:5: 59 daAuts
     D:6: 1 daAuts
